General information
- name: BNet
- type: Ladder 1vs1/FFA
- host: Battle.net
- saver: iggy_the_fisk
map: TurtleRock
- players: 2
- length: 25:57
- speed: Fast
- version: 1.21 W3XP
- replay type:

» download(113 KB)
Players
team 1 (loser)
jasonxww (
red | 220 APM | 5703 actions | 25:55)
5 Archmage
3 Summon Water Elemental
2 Brilliance Aura
5 Mountain King
3 Storm Bolt
2 Bash
» actions
| Assign group hotkey | 77 | |
| Basic commands | 179 | |
| Build / train | 102 | |
| ESC pressed | 1 | |
| Enter build submenu | 18 | |
| Enter hero's abilities submenu | 10 | |
| Give item / drop item | 13 | |
| Right click | 2604 | |
| Select / deselect | 662 | |
| Select group hotkey | 1876 | |
| Use ability | 161 | |
5703 total
» units
| Peasant | 10 | |
| Footman | 9 | |
| Rifleman | 3 | |
| Priest | 8 | |
| Sorceress | 7 | |
| Spell Breaker | 10 | |
| Mortar Team | 8 | |
55 total
» buildings
| Altar of Kings | 1 | |
| Farm | 9 | |
| Barracks | 1 | |
| Scout Tower | 1 | |
| Keep | 13 | |
| Arcane Tower | 3 | |
| Blacksmith | 1 | |
| Arcane Vault | 1 | |
| Arcane Sanctum | 2 | |
| Workshop | 1 | |
| Town Hall | 1 | |
34 total
» build order
00:09 Altar of Kings
00:11 Farm
00:17 Barracks
00:55 Farm
01:46 Farm
02:08 Scout Tower
02:45 Keep
02:46 Keep
02:46 Keep
02:47 Keep
03:03 Arcane Tower
03:15 Blacksmith
04:47 Farm
05:15 Arcane Vault
05:17 Arcane Sanctum
06:32 Arcane Sanctum
07:29 Farm
08:44 Farm
09:02 Workshop
09:31 Farm
10:20 Farm
10:42 Farm
20:28 Town Hall
» items
| Boots of Speed | 1 | |
| Scroll of Regeneration | 2 | |
| Potion of Healing | 3 | |
| Potion of Lesser Invulnerability | 2 | |
| Scroll of Town Portal | 4 | |
12 total
team 2 (winner)

»
iggy_the_fisk (
purple | 84 APM | 2179 actions | 25:57)
5 Demon Hunter
3 Mana Burn
2 Evasion
5 Pandaren Brewmaster
3 Breath of Fire
1 Drunken Haze
1 Drunken Brawler
» actions
| Assign group hotkey | 55 | |
| Basic commands | 98 | |
| Build / train | 88 | |
| Enter build submenu | 17 | |
| Enter hero's abilities submenu | 10 | |
| Give item / drop item | 2 | |
| Right click | 1040 | |
| Select / deselect | 457 | |
| Select group hotkey | 272 | |
| Use ability | 140 | |
2179 total
» units
| Wisp | 27 | |
| Archer | 6 | |
| Druid of the Claw | 9 | |
| Dryad | 5 | |
| Mountain Giant | 2 | |
49 total
» upgrades
| Druid of the Claw Training | 2 | |
| Abolish Magic | 1 | |
| Mark of the Claw | 1 | |
| Strength of the Wild | 3 | |
| Hardened Skin | 1 | |
| Reinforced Hides | 2 | |
| Well Spring | 1 | |
11 total
» buildings
| Altar of Elders | 1 | |
| Moon Well | 5 | |
| Ancient of War | 1 | |
| Tree of Ages | 2 | |
| Hunter's Hall | 1 | |
| Ancient of Lore | 2 | |
| Ancient of Wonders | 1 | |
| Tree of Eternity | 1 | |
| Tree of Life | 4 | |
18 total
» build order
00:04 Altar of Elders
00:17 Moon Well
00:32 Ancient of War
01:26 Moon Well
02:26 Tree of Ages
02:27 Tree of Ages
02:55 Moon Well
03:49 Hunter's Hall
04:59 Ancient of Lore
06:02 Ancient of Wonders
06:03 Tree of Eternity
06:16 Ancient of Lore
08:14 Moon Well
11:20 Moon Well
12:48 Tree of Life
18:10 Tree of Life
24:30 Tree of Life
24:49 Tree of Life
» items
| Moonstone | 1 | |
| Staff of Preservation | 2 | |
| Scroll of Town Portal | 3 | |
| Orb of Venom | 2 | |
| Potion of Mana | 1 | |
| Scroll of Healing | 1 | |
10 total
Chat log
(06:04 / All) jasonxww: :)
(06:07 / All) iggy_the_fisk: action